Map: 锈化山巅-天梯版

Players

wanted

  • Race: Zerg Zerg

cyan - Winner!

  • Race: Protoss Protoss
  • League: Master

Event: DreamHack SC2 Masters 2021 Fall

VOD

Have the link to the VOD?

Description

Time

  • Played on: Aug. 5, 2021, 8:14 a.m.
  • Length: 21:03

All games in this series

Show
View Real Time Build Order
Export as new Build Order

wanted Zerg 

Build Orders: Pool First 

Get SALT Encoding   

  12  0:00  Drone  
  13  0:08  Drone  
  14  0:17  Overlord  
  14  0:22  Extractor  
  14  0:23  Drone  
  15  0:36  Drone x2  
  17  0:44  Spawning Pool  
  16  0:57  Drone  
  17  1:13  Hatchery  
  17  1:15  Extractor, Drone  
  17  1:18  Drone  
  17  1:21  Drone  
  18  1:31  Zergling x2  
  19  1:34  Queen  
  21  1:40  Overlord  
  21  1:48  Drone  
  22  2:05  Drone  
  23  2:09  Queen  
  23  2:11  Drone  
  26  2:18  Metabolic Boost  
  26  2:21  Drone  
  27  2:24  Queen  
  27  2:25  Drone  
  30  2:36  Drone  
  30  2:41  Overlord  
  30  2:43  Drone x3  
  33  2:55  Hatchery  
  32  3:00  Zergling x2  
  32  3:01  Zergling x2  
  32  3:03  Zergling x2  
  35  3:09  Zergling x4  
  35  3:23  Overlord  
  35  3:24  Drone x2  
  37  3:34  Drone x2  
  37  3:38  Drone x2  
  39  3:43  Drone x2  
  41  3:49  Drone x3  
  44  3:56  Queen  
  44  4:02  Queen  
  46  4:03  Overlord  
  46  4:09  Drone x3  
  51  4:12  Spore Crawler  
  51  4:15  Drone  
  51  4:17  Spore Crawler  
  51  4:19  Drone  
  46  4:24  Drone x3  
  46  4:27  Drone x2  
  46  4:30  Spore Crawler  
  50  4:35  Zergling x6  
  53  4:45  Drone x3  
  50  4:53  Drone x5  
  50  4:55  Drone  
  56  5:02  Overlord  
  56  5:06  Drone x2  
  58  5:08  Overlord  
  58  5:09  Overlord  
  58  5:15  Roach Warren  
  58  5:19  Lair  
  57  5:23  Drone x3  
  57  5:25  Zergling x2  
  59  5:29  Zergling x4  
  59  5:33  Zergling x8  
  65  5:41  Zergling x2  
  65  5:42  Zergling x4  
  67  5:46  Zergling x8  
  69  5:52  Overlord  
  69  5:56  Drone x2  
  68  5:57  Drone  
  68  6:00  Drone  
  70  6:06  Drone x3  
  70  6:10  Spore Crawler  
  71  6:15  Zergling x4  
  72  6:19  Roach x2  
  72  6:24  Roach  
  78  6:33  Overlord  
  78  6:34  Overlord  
  78  6:36  Overseer  
  78  6:37  Extractor, Drone x6  
  78  6:39  Ravager x2  
  85  6:41  Extractor  
  85  6:42  Extractor  
  85  6:46  Drone x4  
  87  6:52  Overlord x2  
  87  6:56  Glial Reconstitution  
  87  7:00  Hatchery  
  85  7:02  Drone x3, Evolution Chamber  
  87  7:08  Overlord  
  87  7:10  Roach  
  87  7:11  Roach x2  
  87  7:14  Zergling x6, Roach  
  98  7:19  Drone x4  
  102  7:25  Overlord  
  102  7:30  Drone x2  
  102  7:31  Drone x3  
  102  7:36  Zerg Missile Weapons Level 1  
  107  7:38  Roach x3  
  107  7:41  Ravager, Zergling x8  
  118  7:44  Drone  
  118  7:45  Drone  
  118  7:46  Extractor  
  119  7:54  Extractor  
  118  8:00  Queen  
  118  8:02  Drone x2  
  118  8:03  Drone x5  
  127  8:09  Drone  
  127  8:10  Infestation Pit  
  127  8:13  Ravager x3  
  127  8:14  Zergling x12  
  135  8:20  Overlord x5  
  135  8:30  Overseer  
  135  8:43  Drone  
  135  8:44  Baneling Nest  
  135  8:45  Drone x13  
  147  8:50  Overlord  
  147  8:53  Hive  
  147  8:57  Ravager x2, Evolution Chamber  
  147  8:58  Ravager x2  
  147  9:02  Roach  
  152  9:06  Roach  
  152  9:07  Roach  
  160  9:10  Roach x3  
  160  9:11  Hatchery  
  161  9:17  Extractor  
  161  9:20  Roach x5  
  161  9:21  Zergling x2  
  170  9:28  Roach x4  
  170  9:30  Zerg Melee Weapons Level 1, Zergling x6  
  179  9:32  Centrifical Hooks  
  179  9:36  Zergling x6  
  176  9:41  Overlord x3  
  176  9:46  Zerg Ground Armor Level 1  
  176  9:47  Baneling x8  
  176  9:59  Zergling x18  
  184  10:05  Viper  
  184  10:06  Viper  
  187  10:12  Zergling x26  
  199  10:19  Baneling x9  
  199  10:21  Zergling x2  
  199  10:28  Baneling  
  199  10:29  Zergling x4  
  193  10:35  Zergling x10  
  193  10:36  Zergling x2  
  193  10:40  Baneling x11  
  197  10:45  Zergling x8  
  197  10:47  Overlord  
  200  10:57  Adrenal Glands  
  200  11:02  Zergling x18  
  196  11:08  Overlord  
  176  11:12  Ultralisk Cavern  
  176  11:15  Hatchery  
  176  11:17  Drone x11  
  185  11:19  Overseer  
  185  11:20  Spire  
  185  11:23  Pneumatized Carapace  
  184  11:28  Spine Crawler x2  
  184  11:30  Zergling x8  
  184  11:31  Zergling x14, Spine Crawler  
  184  11:32  Overseer  
  190  11:33  Overseer  
  190  11:34  Spine Crawler  
  190  11:36  Zerg Melee Weapons Level 2  
  186  11:43  Zergling x12  
  179  11:51  Zergling x14  
  186  11:54  Baneling  
  186  11:55  Baneling x10  
  176  12:01  Zergling x14  
  168  12:13  Roach x2  
  168  12:14  Roach x7  
  172  12:18  Drone x4  
  170  12:24  Ravager x6  
  173  12:33  Baneling x4  
  173  12:36  Chitinous Plating  
  173  12:38  Zergling x28  
  173  12:43  Overlord  
  187  12:47  Overlord  
  187  12:51  Queen  
  187  12:52  Queen  
  187  12:54  Ultralisk  
  187  12:57  Zergling x2  
  187  12:58  Zergling x10  
  182  13:06  Ultralisk  
  182  13:10  Drone x3  
  191  13:16  Ultralisk x2  
  191  13:19  Baneling x4  
  197  13:24  Spore Crawler  
  197  13:25  Extractor  
  195  13:29  Extractor  
  195  13:30  Ultralisk  
  197  13:42  Hatchery  
  197  13:43  Baneling x2  
  197  13:46  Overlord x2  
  194  13:50  Spine Crawler  
  194  13:51  Drone x3, Spine Crawler  
  194  13:52  Spine Crawler  
  194  13:54  Drone x3  
  194  13:55  Spine Crawler  
  194  13:56  Drone x6  
  200  14:03  Anabolic Synthesis  
  200  14:08  Baneling x3  
  200  14:09  Zergling x8  
  192  14:27  Ultralisk x3  
  192  14:28  Drone x2  
  197  14:32  Ultralisk  
  197  14:33  Zergling x6  
  186  14:55  Greater Spire  
  186  14:58  Extractor  
  186  14:59  Drone x7  
  192  15:05  Zerg Melee Weapons Level 3  
  192  15:06  Zerg Ground Armor Level 2  
  191  15:09  Zergling x2  
  191  15:10  Zergling x18  
  191  15:11  Hatchery  
  198  15:21  Baneling x7  
  198  15:28  Spine Crawler x2  
  180  15:40  Corruptor  
  180  15:41  Corruptor x6  
  189  15:55  Corruptor  
  189  15:56  Zergling x12  
  186  16:11  Zergling x8  
  186  16:12  Zergling x2  
  190  16:19  Brood Lord x5  
  190  16:20  Overseer x2  
  194  16:26  Brood Lord x3  
  194  16:27  Baneling x3  
  194  16:31  Extractor  
  194  16:32  Extractor, Baneling x8  
  180  17:00  Corruptor x8  
  188  17:20  Drone x5  
  187  17:29  Drone x10  
  195  17:32  Spine Crawler  
  195  17:36  Spine Crawler  
  193  17:38  Spine Crawler  
  193  17:39  Brood Lord x2  
  193  17:42  Hatchery  
  185  17:46  Brood Lord  
  185  17:49  Zergling x4  
  160  18:01  Brood Lord x3  
  152  18:28  Brood Lord  
  152  18:32  Zergling x2, Ultralisk x2  
  152  18:33  Zergling x6  
  151  19:07  Ultralisk  
  137  19:49  Hatchery  
Show
View Real Time Build Order
Export as new Build Order

cyan Protoss - Winner!

Build Orders: 1 Gate Expand, Oracle Opening 

Get SALT Encoding   

  12  0:00  Probe  
  13  0:12  Probe  
  14  0:19  Pylon  
  14  0:24  Probe  
  15  0:37  Probe (Chrono Boost)  
  15  0:40  Gateway  
  16  0:47  Probe (Chrono Boost)  
  17  0:50  Assimilator  
  17  0:52  Probe (Chrono Boost)  
  18  1:03  Probe  
  19  1:15  Probe  
  20  1:28  Cybernetics Core  
  20  1:38  Nexus  
  20  1:41  Probe  
  20  1:46  Pylon  
  21  1:53  Probe  
  21  1:54  Assimilator  
  22  2:02  Adept (Chrono Boost)  
  22  2:05  Probe  
  22  2:07  Warp Gate  
  25  2:17  Probe  
  26  2:23  Adept (Chrono Boost)  
  26  2:29  Probe  
  29  2:39  Stargate  
  29  2:41  Probe (Chrono Boost)  
  30  2:49  Adept  
  33  2:51  Probe (Chrono Boost)  
  34  2:59  Probe (Chrono Boost)  
  34  3:01  Probe (Chrono Boost)  
  36  3:06  Gateway, Probe x2 (Chrono Boost)  
  37  3:17  Probe  
  37  3:19  Adept, Probe  
  41  3:28  Oracle (Chrono Boost)  
  41  3:29  Probe  
  41  3:31  Pylon, Probe  
  42  3:42  Probe  
  42  3:43  Probe  
  42  3:47  Pylon  
  44  3:50  Gateway  
  44  3:54  Probe  
  44  3:55  Oracle (Chrono Boost), Probe  
  45  3:59  Stalker  
  45  4:02  Adept  
  53  4:06  Probe  
  53  4:07  Probe  
  55  4:18  Probe  
  56  4:27  Nexus, Probe  
  56  4:29  Oracle  
  60  4:31  Pylon  
  60  4:35  Probe  
  59  4:48  Probe  
  59  4:50  Adept x3  
  59  4:51  Assimilator  
  62  4:54  Assimilator  
  62  4:55  Probe  
  63  5:00  Shield Battery, Probe  
  63  5:01  Pylon  
  64  5:07  Probe  
  64  5:08  Twilight Council  
  64  5:09  Forge  
  64  5:12  Adept x2  
  69  5:18  Probe  
  69  5:20  Adept  
  72  5:22  Probe  
  72  5:27  Pylon  
  73  5:30  Probe  
  73  5:34  Adept, Probe  
  77  5:39  Protoss Ground Weapons Level 1 (Chrono Boost)  
  77  5:42  Probe  
  78  5:43  Blink (Chrono Boost)  
  78  5:47  Probe  
  78  5:48  Probe  
  80  5:54  Probe  
  81  5:57  Shield Battery  
  81  6:02  Adept x3  
  81  6:03  Probe  
  86  6:07  Probe  
  86  6:10  Gateway, Probe  
  88  6:12  Gateway  
  88  6:13  Gateway  
  88  6:18  Probe  
  89  6:20  Probe  
  89  6:22  Adept  
  92  6:26  Probe  
  92  6:30  Assimilator, Probe  
  93  6:32  Probe  
  93  6:34  Assimilator  
  93  6:35  Gateway  
  93  6:36  Gateway  
  93  6:38  Pylon, Robotics Facility, Probe  
  94  6:42  Probe  
  94  6:43  Shield Battery  
  94  6:44  Pylon  
  94  6:46  Sentry x2  
  94  6:47  Sentry  
  101  6:53  Photon Cannon  
  101  6:55  Pylon  
  101  6:56  Probe  
  102  7:01  Pylon  
  102  7:02  Pylon  
  102  7:05  Stalker  
  104  7:09  Stalker  
  104  7:12  Stalker  
  108  7:16  Stalker x3  
  114  7:23  Immortal (Chrono Boost)  
  114  7:28  Robotics Bay  
  118  7:32  Robotics Facility  
  118  7:33  Protoss Ground Weapons Level 2 (Chrono Boost), Sentry, Stalker  
  118  7:34  Photon Cannon  
  122  7:40  Photon Cannon  
  122  7:43  Charge  
  122  7:52  Immortal (Chrono Boost)  
  126  8:03  Stalker x4  
  126  8:05  Stalker  
  136  8:21  Disruptor (Chrono Boost)  
  139  8:31  Nexus  
  139  8:34  Pylon  
  139  8:37  Pylon x2  
  139  8:38  Pylon  
  139  8:51  Disruptor x2 (Chrono Boost)  
  139  8:54  Photon Cannon  
  145  8:56  Photon Cannon  
  145  8:58  Photon Cannon  
  145  9:00  Shield Battery  
  145  9:03  Shield Battery  
  145  9:07  Pylon, Probe  
  145  9:08  Gateway  
  145  9:09  Gateway  
  146  9:12  Photon Cannon  
  146  9:14  Shield Battery  
  146  9:17  Disruptor  
  146  9:18  Observer  
  146  9:22  Stalker x2  
  150  9:37  Probe  
  150  9:38  Probe x2  
  153  9:39  Colossus (Chrono Boost)  
  153  9:42  Forge  
  153  9:43  Extended Thermal Lance (Chrono Boost)  
  159  9:51  Colossus (Chrono Boost)  
  159  9:55  Zealot  
  159  9:56  Zealot x6  
  159  9:59  Protoss Ground Weapons Level 3 (Chrono Boost)  
  179  10:08  Templar Archives  
  179  10:27  Colossus (Chrono Boost)  
  183  10:34  Colossus (Chrono Boost)  
  159  10:56  Zealot x8  
  173  11:06  Colossus (Chrono Boost)  
  154  11:18  Dark Shrine  
  154  11:20  Colossus  
  154  11:21  Protoss Ground Armor Level 1 (Chrono Boost)  
  160  11:27  Assimilator  
  160  11:28  Gateway  
  160  11:30  Gateway  
  160  11:31  Assimilator  
  160  11:34  Zealot  
  160  11:35  Zealot x5  
  160  11:37  Nexus  
  160  11:39  Pylon  
  172  11:40  Pylon  
  156  11:49  Zealot x4  
  164  11:56  Colossus (Chrono Boost)  
  127  12:11  Disruptor (Chrono Boost)  
  130  12:20  High Templar x3  
  130  12:21  High Templar  
  138  12:23  High Templar  
  138  12:24  High Templar  
  138  12:26  Zealot x6  
  138  12:29  Photon Cannon  
  146  12:30  Photon Cannon  
  146  12:31  Archon  
  146  12:32  Photon Cannon, Archon  
  146  12:33  Archon  
  146  12:34  Shield Battery  
  146  12:37  Shield Battery  
  146  12:39  Colossus  
  146  12:43  Disruptor  
  155  12:50  Stalker x6  
  163  12:53  Probe x2  
  163  12:54  Probe x2  
  159  13:05  Probe x2  
  161  13:18  High Templar x3  
  161  13:19  Nexus  
  167  13:21  Psionic Storm  
  167  13:24  Dark Templar  
  169  13:27  Zealot x7  
  169  13:28  Zealot  
  169  13:32  Pylon  
  185  13:36  Pylon  
  185  13:47  Probe x3  
  188  13:50  Photon Cannon  
  188  13:52  Photon Cannon  
  186  13:56  Photon Cannon  
  186  13:58  Dark Templar, Photon Cannon  
  186  14:00  Photon Cannon  
  186  14:01  High Templar x2  
  186  14:02  Photon Cannon  
  192  14:03  Shield Battery  
  192  14:15  Immortal x2  
  186  14:30  Zealot x8  
  198  14:41  Probe x2  
  198  14:43  Assimilator  
  198  14:45  Shield Battery  
  188  14:47  Assimilator  
  188  14:49  Probe  
  188  14:51  Immortal x2 (Chrono Boost)  
  181  14:54  Protoss Ground Armor Level 2 (Chrono Boost)  
  187  15:19  High Templar  
  187  15:20  High Templar x3  
  195  15:23  Immortal  
  195  15:24  Photon Cannon  
  195  15:26  Photon Cannon  
  195  15:28  Shield Battery  
  199  15:29  Pylon  
  199  15:32  Zealot  
  197  15:41  High Templar x2  
  193  15:49  Zealot x3  
  197  15:57  Zealot  
  198  16:14  Protoss Shields Level 1 (Chrono Boost)  
  198  16:17  Pylon  
  198  16:21  Pylon  
  198  16:31  Observer  
  183  16:44  Zealot x10  
  183  16:45  Zealot x2  
  195  16:51  Nexus  
  195  16:54  Photon Cannon x2  
  195  16:56  Photon Cannon  
  195  16:57  Photon Cannon  
  195  16:59  Photon Cannon  
  195  17:01  Shadow Stride  
  195  17:02  Photon Cannon  
  195  17:03  Shield Battery  
  195  17:05  Gravitic Boosters  
  195  17:07  Shield Battery  
  191  17:12  Pylon  
  191  17:14  Observer x2  
  191  17:16  Photon Cannon  
  191  17:17  Shield Battery  
  163  17:30  Stalker x4  
  163  17:31  Stalker x8  
  167  17:59  Dark Templar x2  
  163  18:06  Stalker x10  
  179  18:15  Void Ray (Chrono Boost)  
  167  18:28  Stargate  
  167  18:29  Stargate  
  167  18:32  Dark Templar x3  
  166  18:40  Assimilator  
  156  18:42  Assimilator, Protoss Air Weapons Level 1  
  142  18:51  Void Ray (Chrono Boost)  
  146  19:00  Stalker x8  
  149  19:07  Void Ray (Chrono Boost)  
  145  19:20  Void Ray (Chrono Boost)  
  140  19:26  Void Ray (Chrono Boost)  
  148  19:34  Dark Templar, Void Ray (Chrono Boost)  
  151  19:47  Void Ray (Chrono Boost)  
  155  19:57  Dark Templar  
  161  20:04  Void Ray  
  161  20:23  Stalker x2  
  161  20:24  Stalker x2  

Tags
 
Add a new tag
Caveats
  • Supply blocks, unpowered buildings, or Contaminate may cause inaccurate times.
  • Supply counts are checked every 10 seconds.